| TOP OF THE 1ST |
|
Southern Maryland Blue Crabs batting - Pitching for Niagara Falls Phantoms : RHP Joel Blinn
|
|
Pitching: RHP Joel Blinn
|
|
|
Batting: RHB Eddie Morin
|
0-0: Called Strike 0-1: Foul Ball, location: 2F 0-2: Ball 1-2: Ball 2-2: Ground out 6-3 (Groundball, 56, EV 92.5 MPH)
|
|
Batting: RHB Oscar Chapa
|
0-0: Ball 1-0: Ball 2-0: Called Strike 2-1: Called Strike 2-2: Foul Ball, location: 2F 2-2: Foul Ball, location: 2F 2-2: Ball 3-2: Base on Balls
|
|
Batting: LHB Stu Proulx
|
0-0: Called Strike 0-1: Ball 1-1: Ball 2-1: Ball 3-1: Swinging Strike 3-2: Foul Ball, location: 2F 3-2: Fly out, F8 (Flyball, 89M, EV 78.1 MPH)
|
|
Batting: RHB Imbart van Rens
|
0-0: Called Strike 0-1: Foul Ball, location: 2F 0-2: Strikes out swinging
|
| Top of the 1st over - 0 runs, 0 hits, 0 errors, 1 left on base; Southern Maryland 0 - Niagara Falls 0 |
| BOTTOM OF THE 1ST |
|
Niagara Falls Phantoms batting - Pitching for Southern Maryland Blue Crabs : RHP Eddie Garcia
|
|
Pitching: RHP Eddie Garcia
|
|
|
Batting: RHB Alfredo Mendez
|
0-0: Swinging Strike 0-1: SINGLE (Line Drive, 78M, EV 98.1 MPH)
|
|
Batting: LHB Pete Cook
|
0-0: Called Strike 0-1: Called Strike 0-2: Foul Ball, location: 2F 0-2: Ball 1-2: Ball Alfredo Mendez is caught stealing 2nd base 2-6 2-2: Foul Ball, location: 2F 2-2: Ground out 6-3 (Groundball, 6, EV 101.2 MPH)
|
|
Batting: RHB Peter Frankel
|
0-0: Called Strike 0-1: Fly out, F9 (Flyball, 9LS, EV 93.8 MPH)
|
| Bottom of the 1st over - 0 runs, 1 hit, 0 errors, 0 left on base; Southern Maryland 0 - Niagara Falls 0 |
| TOP OF THE 2ND |
|
Southern Maryland Blue Crabs batting - Pitching for Niagara Falls Phantoms : RHP Joel Blinn
|
|
Batting: RHB Josh Kurth
|
0-0: Ball 1-0: Foul Ball, location: 2F 1-1: DOUBLE (Flyball, 78D, EV 110.6 MPH)
|
|
Batting: RHB Dou-wan Pan
|
0-0: Ball 1-0: Called Strike 1-1: Ball 2-1: Ball 3-1: Base on Balls
|
|
Batting: SHB John Hiles
|
0-0: Ball 1-0: Ball 2-0: Foul Ball, location: 2F 2-1: Grounds into double play, 3-6-3 (Groundball, 3, EV 93.1 MPH) Josh Kurth to third
|
|
Batting: RHB Josh Ludwig
|
0-0: Called Strike 0-1: Ball 1-1: Called Strike 1-2: Strikes out swinging
|
| Top of the 2nd over - 0 runs, 1 hit, 0 errors, 1 left on base; Southern Maryland 0 - Niagara Falls 0 |
| BOTTOM OF THE 2ND |
|
Niagara Falls Phantoms batting - Pitching for Southern Maryland Blue Crabs : RHP Eddie Garcia
|
|
Batting: RHB Chris Horton
|
0-0: Ball 1-0: DOUBLE (Line Drive, 78D, EV 111.9 MPH)
|
|
Batting: LHB Luis Ponce
|
0-0: Swinging Strike 0-1: SINGLE (Line Drive, 89S, EV 95.6 MPH) Chris Horton to third Runner from 3rd tries for Home, SAFE, throw by CF to home
|
|
Batting: SHB Bruce Shelton
|
0-0: Fly out, F8 (Flyball, 89M, EV 90.0 MPH)
|
|
Batting: RHB Danny Carrick
|
0-0: Ball 1-0: Called Strike 1-1: Ball 2-1: Fly out, F8 (Line Drive, 8LM, EV 96.2 MPH)
|
|
Batting: RHB Randy Joyce
|
0-0: Ball 1-0: Ball Luis Ponce steals 2nd base 2-0: Ground out 5-3 (Groundball, 5S, EV 83.1 MPH)
|
| Bottom of the 2nd over - 1 run, 2 hits, 0 errors, 1 left on base; Southern Maryland 0 - Niagara Falls 1 |
| TOP OF THE 3RD |
|
Southern Maryland Blue Crabs batting - Pitching for Niagara Falls Phantoms : RHP Joel Blinn
|
|
Batting: RHB Adam Cooper
|
0-0: Ball 1-0: Ball 2-0: Swinging Strike 2-1: Fly out, F7 (Flyball, 7, EV 76.2 MPH)
|
|
Batting: RHB Eddie Morin
|
0-0: Ball 1-0: Called Strike 1-1: Foul Ball, location: 2F 1-2: Strikes out looking
|
|
Batting: RHB Oscar Chapa
|
0-0: Ball 1-0: Foul Ball, location: 2F 1-1: Ground out 3-1 (Groundball, 34S, EV 88.1 MPH)
|
| Top of the 3rd over - 0 runs, 0 hits, 0 errors, 0 left on base; Southern Maryland 0 - Niagara Falls 1 |
| BOTTOM OF THE 3RD |
|
Niagara Falls Phantoms batting - Pitching for Southern Maryland Blue Crabs : RHP Eddie Garcia
|
|
Batting: RHB Donald DeLisio
|
0-0: Ball 1-0: Foul Ball, location: 2F 1-1: Swinging Strike 1-2: Strikes out swinging
|
|
Batting: RHB Alfredo Mendez
|
0-0: SINGLE (Groundball, 56D, EV 102.5 MPH)
|
|
Batting: LHB Pete Cook
|
0-0: Swinging Strike 0-1: Ball 1-1: Ball 2-1: Ball 3-1: Called Strike 3-2: Strikes out swinging
|
|
Batting: RHB Peter Frankel
|
0-0: Called Strike 0-1: Foul Ball, location: 2F 0-2: Fly out, F8 (Flyball, 8LXD, EV 98.8 MPH)
|
| Bottom of the 3rd over - 0 runs, 1 hit, 0 errors, 1 left on base; Southern Maryland 0 - Niagara Falls 1 |
| TOP OF THE 4TH |
|
Southern Maryland Blue Crabs batting - Pitching for Niagara Falls Phantoms : RHP Joel Blinn
|
|
Batting: LHB Stu Proulx
|
0-0: Foul Ball, location: 2F 0-1: Ball 1-1: Ground out 5-3 (Groundball, 56, EV 88.1 MPH)
|
|
Batting: RHB Imbart van Rens
|
0-0: SOLO HOME RUN (Flyball, 7LD, EV 100.6 MPH), Distance : 380 ft
|
|
Batting: RHB Josh Kurth
|
0-0: Ball 1-0: Ground out 5-3 (Groundball, 56S, EV 86.2 MPH)
|
|
Batting: RHB Dou-wan Pan
|
0-0: Called Strike 0-1: Called Strike 0-2: Ball 1-2: Fly out, F8 (Flyball, 8RD, EV 84.4 MPH)
|
| Top of the 4th over - 1 run, 1 hit, 0 errors, 0 left on base; Southern Maryland 1 - Niagara Falls 1 |
| BOTTOM OF THE 4TH |
|
Niagara Falls Phantoms batting - Pitching for Southern Maryland Blue Crabs : RHP Eddie Garcia
|
|
Batting: RHB Chris Horton
|
0-0: Foul Ball, location: 2F 0-1: Ball 1-1: Foul Ball, location: 2F 1-2: Ball 2-2: Fly out, F7 (Flyball, 7S, EV 88.8 MPH)
|
|
Batting: LHB Luis Ponce
|
0-0: Foul Ball, location: 2F 0-1: Called Strike 0-2: Strikes out looking
|
|
Batting: SHB Bruce Shelton
|
0-0: Ball 1-0: Called Strike 1-1: Ball 2-1: Ball 3-1: Called Strike 3-2: SINGLE (Line Drive, 6D, EV 96.9 MPH)
|
|
Batting: RHB Danny Carrick
|
0-0: Called Strike 0-1: Swinging Strike Passed Ball! Bruce Shelton to second 0-2: Ground out 6-3 (Groundball, 6, EV 108.1 MPH)
|
| Bottom of the 4th over - 0 runs, 1 hit, 0 errors, 1 left on base; Southern Maryland 1 - Niagara Falls 1 |
| TOP OF THE 5TH |
|
Southern Maryland Blue Crabs batting - Pitching for Niagara Falls Phantoms : RHP Joel Blinn
|
|
Batting: SHB John Hiles
|
0-0: Ball 1-0: Called Strike 1-1: Foul Ball, location: 2F 1-2: Fly out, F9 (Flyball, 89M, EV 97.5 MPH)
|
|
Batting: RHB Josh Ludwig
|
0-0: Called Strike 0-1: Ball 1-1: Swinging Strike 1-2: Strikes out swinging
|
|
Batting: RHB Adam Cooper
|
0-0: Called Strike 0-1: Foul Ball, location: 2F 0-2: Ball 1-2: Strikes out swinging
|
| Top of the 5th over - 0 runs, 0 hits, 0 errors, 0 left on base; Southern Maryland 1 - Niagara Falls 1 |
| BOTTOM OF THE 5TH |
|
Niagara Falls Phantoms batting - Pitching for Southern Maryland Blue Crabs : RHP Eddie Garcia
|
|
Batting: RHB Randy Joyce
|
0-0: Called Strike 0-1: Swinging Strike 0-2: Strikes out swinging
|
|
Batting: RHB Donald DeLisio
|
0-0: Swinging Strike 0-1: Ball 1-1: Called Strike 1-2: Strikes out swinging
|
|
Batting: RHB Alfredo Mendez
|
0-0: Called Strike 0-1: Ball 1-1: Ball 2-1: SINGLE (Flyball, 8LS, EV 86.9 MPH)
|
|
Batting: LHB Pete Cook
|
0-0: Foul Ball, location: 2F 0-1: Ball 1-1: Called Strike 1-2: Foul Ball, location: 2F 1-2: Ball 2-2: Foul Ball, location: 2F 2-2: Ball Alfredo Mendez is caught stealing 2nd base 2-6
|
| Bottom of the 5th over - 0 runs, 1 hit, 0 errors, 0 left on base; Southern Maryland 1 - Niagara Falls 1 |
| TOP OF THE 6TH |
|
Southern Maryland Blue Crabs batting - Pitching for Niagara Falls Phantoms : RHP Joel Blinn
|
|
Batting: RHB Eddie Morin
|
0-0: Ball 1-0: Ball 2-0: Ball 3-0: Called Strike 3-1: Called Strike 3-2: Base on Balls
|
|
Batting: RHB Oscar Chapa
|
0-0: Ball 1-0: Called Strike 1-1: Foul Ball, location: 2F 1-2: Ball 2-2: Ball 3-2: Foul Ball, location: 2F 3-2: Strikes out swinging
|
|
Batting: LHB Stu Proulx
|
0-0: Ball 1-0: Ball 2-0: Called Strike 2-1: Swinging Strike 2-2: Foul Ball, location: 2F 2-2: Strikes out looking
|
|
Batting: RHB Imbart van Rens
|
0-0: Foul Ball, location: 2F 0-1: Ball 1-1: Called Strike 1-2: Ball 2-2: Fly out, F4 (Popup, 34, EV 58.1 MPH)
|
| Top of the 6th over - 0 runs, 0 hits, 0 errors, 1 left on base; Southern Maryland 1 - Niagara Falls 1 |
| BOTTOM OF THE 6TH |
|
Niagara Falls Phantoms batting - Pitching for Southern Maryland Blue Crabs : RHP Eddie Garcia
|
|
Batting: LHB Pete Cook
|
0-0: Swinging Strike 0-1: Called Strike 0-2: Strikes out swinging
|
|
Batting: RHB Peter Frankel
|
0-0: DOUBLE (Line Drive, 89D, EV 108.8 MPH)
|
|
Batting: RHB Chris Horton
|
0-0: Ball 1-0: Called Strike 1-1: Called Strike 1-2: Ball 2-2: Fly out, F7 (Flyball, 7D, EV 80.6 MPH) Runner from 2nd tags up, SAFE at 3rd, no throw by LF
|
|
Batting: LHB Luis Ponce
|
0-0: Ball 1-0: Ball 2-0: SINGLE (Flyball, 78S, EV 94.4 MPH) Peter Frankel scores
|
|
Batting: SHB Bruce Shelton
|
0-0: Called Strike 0-1: Foul Ball, location: 2F 0-2: Ball 1-2: Strikes out swinging
|
| Bottom of the 6th over - 1 run, 2 hits, 0 errors, 1 left on base; Southern Maryland 1 - Niagara Falls 2 |
| TOP OF THE 7TH |
|
Southern Maryland Blue Crabs batting - Pitching for Niagara Falls Phantoms : RHP Joel Blinn
|
|
Batting: RHB Josh Kurth
|
0-0: Ball 1-0: Called Strike 1-1: Fly out, F7 (Flyball, 7, EV 78.8 MPH)
|
|
Batting: RHB Dou-wan Pan
|
0-0: Called Strike 0-1: Ball 1-1: Swinging Strike 1-2: Strikes out swinging
|
|
Batting: SHB John Hiles
|
0-0: DOUBLE (Flyball, 89D, EV 102.5 MPH)
|
|
Batting: RHB Josh Ludwig
|
0-0: Ball 1-0: Ball 2-0: Called Strike 2-1: Ball 3-1: Base on Balls
|
|
Pitching: RHP Jared Lesko
|
|
|
Pinch Hitting: RHB Tyler Hawkins
|
0-0: Called Strike 0-1: Foul Ball, location: 2F 0-2: Ball 1-2: Foul Ball, location: 2F 1-2: Reached via error on a dropped throw from SS, E4 (Groundball, 6, EV 82.5 MPH) John Hiles to third Josh Ludwig to second
|
|
Batting: RHB Eddie Morin
|
0-0: Called Strike 0-1: Foul Ball, location: 2F 0-2: Foul Ball, location: 2F 0-2: Foul Ball, location: 2F 0-2: Strikes out swinging
|
| Top of the 7th over - 0 runs, 1 hit, 1 error, 3 left on base; Southern Maryland 1 - Niagara Falls 2 |
| BOTTOM OF THE 7TH |
|
Niagara Falls Phantoms batting - Pitching for Southern Maryland Blue Crabs : RHP Eddie Garcia
|
|
Now at 1B: Tyler Hawkins
|
|
|
Pinch Hitting: RHB Ben Underwood
|
0-0: Foul Ball, location: 2F 0-1: Ball 1-1: Ball 2-1: Swinging Strike 2-2: Strikes out swinging
|
|
Batting: RHB Randy Joyce
|
0-0: Ball 1-0: Called Strike 1-1: Ground out 6-3 (Groundball, 6, EV 83.1 MPH)
|
|
Batting: RHB Ryan Book
|
0-0: Ball 1-0: Swinging Strike 1-1: Ball 2-1: Called Strike 2-2: Strikes out swinging
|
| Bottom of the 7th over - 0 runs, 0 hits, 0 errors, 0 left on base; Southern Maryland 1 - Niagara Falls 2 |
| TOP OF THE 8TH |
|
Southern Maryland Blue Crabs batting - Pitching for Niagara Falls Phantoms : RHP Jared Lesko
|
|
Now at 1B: Ben Underwood
|
|
|
Now at 3B: Brian Biordi
|
|
|
Batting: RHB Oscar Chapa
|
0-0: Ball 1-0: Ball 2-0: Ball 3-0: Called Strike 3-1: Swinging Strike 3-2: Base on Balls
|
|
Batting: LHB Stu Proulx
|
0-0: Ball 1-0: SINGLE (Line Drive, 9S, EV 96.2 MPH) Oscar Chapa to second Runner from 2nd tries for 3rd, SAFE, throw by RF made to third
|
|
Pinch Runner at 3rd John Lowe:
|
|
|
Batting: RHB Imbart van Rens
|
0-0: Swinging Strike 0-1: Foul Ball, location: 2F 0-2: Strikes out swinging
|
|
Batting: RHB Josh Kurth
|
0-0: Ball 1-0: Called Strike 1-1: Called Strike 1-2: Fly out, F9 (Flyball, 9LM, EV 95.0 MPH) Runner from 3rd tags up, SCORES, throw by RF
|
|
Batting: RHB Dou-wan Pan
|
0-0: Ball 1-0: Foul Ball, location: 2F 1-1: Ball Stu Proulx steals 2nd base 2-1: Foul Ball, location: 2F 2-2: Strikes out swinging
|
| Top of the 8th over - 1 run, 1 hit, 0 errors, 1 left on base; Southern Maryland 2 - Niagara Falls 2 |
| BOTTOM OF THE 8TH |
|
Niagara Falls Phantoms batting - Pitching for Southern Maryland Blue Crabs : RHP Eddie Garcia
|
|
Now in CF: Josh Ludwig
|
|
|
Now in RF: Andy Valenzuela
|
|
|
Batting: RHB Alfredo Mendez
|
0-0: Ball 1-0: Ball 2-0: Fly out, F2 (Popup, 2LF, EV 85.0 MPH)
|
|
Pinch Hitting: RHB Todd Wolters
|
0-0: Ground out 3-1 (Groundball, 34S, EV 91.2 MPH)
|
|
Batting: RHB Peter Frankel
|
0-0: Called Strike 0-1: Called Strike 0-2: Ball 1-2: Strikes out swinging
|
| Bottom of the 8th over - 0 runs, 0 hits, 0 errors, 0 left on base; Southern Maryland 2 - Niagara Falls 2 |
| TOP OF THE 9TH |
|
Southern Maryland Blue Crabs batting - Pitching for Niagara Falls Phantoms : RHP Jared Lesko
|
|
Now in RF: Tatsuro Hamasaki
|
|
|
Batting: SHB John Hiles
|
0-0: Ball 1-0: Swinging Strike 1-1: Foul Ball, location: 2F 1-2: Ball 2-2: Ball 3-2: Foul Ball, location: 2F 3-2: Base on Balls
|
|
Batting: RHB Josh Ludwig
|
0-0: Fly out, F8 (Flyball, 89M, EV 82.5 MPH)
|
|
Batting: RHB Tyler Hawkins
|
0-0: Called Strike 0-1: Ball 1-1: Foul Ball, location: 2F 1-2: Ball 2-2: Foul Ball, location: 2F 2-2: Strikes out swinging
|
|
Batting: RHB Eddie Morin
|
0-0: Ball 1-0: Called Strike 1-1: Swinging Strike 1-2: Strikes out swinging
|
| Top of the 9th over - 0 runs, 0 hits, 0 errors, 1 left on base; Southern Maryland 2 - Niagara Falls 2 |
| BOTTOM OF THE 9TH |
|
Niagara Falls Phantoms batting - Pitching for Southern Maryland Blue Crabs : RHP Eddie Garcia
|
|
Pitching: RHP Steve Brulhart
|
|
|
Batting: RHB Chris Horton
|
0-0: Ball 1-0: Foul Ball, location: 2F 1-1: Ball 2-1: Foul Ball, location: 2F 2-2: SINGLE (Flyball, 78S, EV 91.2 MPH)
|
|
Batting: LHB Luis Ponce
|
0-0: Ground out U3 (Groundball, 3S, EV 68.8 MPH) Chris Horton to second
|
|
Pinch Hitting: RHB Hunter Uttley
|
0-0: Ball 1-0: Ball 2-0: Called Strike 2-1: Called Strike 2-2: Ball 3-2: Base on Balls
|
|
Batting: RHB Ben Underwood
|
0-0: Called Strike 0-1: 3-RUN HOME RUN (Flyball, 7D, EV 103.1 MPH), Distance : 405 ft
|
| Bottom of the 9th over - 3 runs, 2 hits, 0 errors, 0 left on base; Southern Maryland 2 - Niagara Falls 5 |
|